Map: Lerilak Crest

Players

Christopher

  • Race: Protoss Protoss
  • League: Silver

ImmortalZodd - Winner!

  • Race: Zerg Zerg
  • League: Silver

VOD

Have the link to the VOD?

Description

Time

  • Played on: Jan. 29, 2016, 3:57 p.m.
  • Length: 12:34
Show
View Real Time Build Order
Export as new Build Order

Christopher Protoss 

Build Orders:  

Get SALT Encoding   

  12  0:01  Probe (Chrono Boost)  
  13  0:17  Pylon  
  13  0:20  Probe (Chrono Boost)  
  14  0:37  Gateway  
  14  0:55  Gateway  
  14  1:02  Probe (Chrono Boost)  
  15  1:07  Assimilator  
  15  1:13  Probe (Chrono Boost)  
  16  1:23  Probe (Chrono Boost), Pylon  
  17  1:29  Zealot (Chrono Boost)  
  19  1:34  Probe  
  20  1:46  Probe  
  21  1:57  Cybernetics Core  
  21  1:59  Probe  
  22  2:13  Zealot (Chrono Boost)  
  24  2:16  Pylon  
  24  2:27  Forge  
  24  2:37  Warp Gate (Chrono Boost)  
  24  2:42  Nexus  
  24  2:44  Adept  
  26  2:48  Adept  
  28  2:54  Mothership Core  
  30  3:02  Assimilator  
  30  3:14  Assimilator  
  30  3:17  Pylon  
  30  3:21  Stalker  
  32  3:28  Probe  
  33  3:40  Probe  
  34  3:52  Probe  
  35  3:57  Probe  
  36  4:04  Protoss Ground Weapons Level 1 (Chrono Boost)  
  36  4:08  Probe  
  37  4:13  Probe  
  38  4:18  Probe  
  39  4:25  Probe  
  39  4:28  Stargate  
  39  4:29  Probe  
  41  4:31  Sentry  
  41  4:37  Probe  
  44  4:39  Probe  
  45  4:49  Probe  
  45  4:50  Probe  
  45  4:51  Sentry  
  49  5:00  Probe  
  49  5:06  Probe  
  51  5:07  Photon Cannon  
  51  5:11  Probe  
  52  5:21  Probe  
  52  5:25  Stalker x2  
  57  5:32  Probe  
  58  5:40  Fleet Beacon  
  58  5:43  Probe  
  59  5:53  Probe  
  60  5:57  Assimilator  
  60  6:00  Adept  
  62  6:06  Pylon  
  62  6:09  Pylon  
  62  6:20  Nexus  
  62  6:23  Probe  
  63  6:30  Adept  
  63  6:31  Adept  
  67  6:33  Probe  
  68  6:42  Carrier  
  68  6:44  Probe  
  75  6:53  Pylon  
  75  7:03  Probe  
  75  7:06  Protoss Air Weapons Level 1 (Chrono Boost)  
  76  7:16  Protoss Shields Level 1  
  76  7:34  Probe  
  77  7:39  Probe  
  78  7:45  Probe  
  78  7:49  Probe  
  80  7:53  Stargate  
  80  7:55  Probe  
  80  7:56  Graviton Catapult (Chrono Boost)  
  81  8:00  Probe  
  81  8:02  Cybernetics Core  
  82  8:06  Probe  
  82  8:07  Carrier  
  82  8:10  Probe  
  90  8:16  Probe  
  91  8:22  Probe  
  92  8:43  Pylon  
  92  8:45  Probe, Assimilator  
  93  8:50  Assimilator  
  93  8:56  Probe, Pylon  
  93  9:01  Pylon  
  94  9:03  Pylon  
  94  9:06  Probe, Pylon  
  95  9:16  Carrier  
  101  9:26  Protoss Air Armor Level 1  
  101  9:31  Pylon  
  101  9:32  Pylon  
  101  9:33  Carrier  
  101  9:34  Pylon  
  101  9:35  Pylon  
  107  9:45  Protoss Air Weapons Level 2  
  107  10:08  Twilight Council  
  107  10:10  Pylon  
  107  10:12  Pylon  
  107  10:15  Pylon  
  107  10:18  Pylon  
  113  10:50  Carrier (Chrono Boost)  
  113  10:56  Robotics Facility  
  113  10:59  Stalker  
  113  11:00  Stalker  
Show
View Real Time Build Order
Export as new Build Order

ImmortalZodd Zerg - Winner!

Build Orders: Hatch First 

Get SALT Encoding   

  12  0:02  Drone  
  13  0:10  Drone  
  14  0:22  Overlord  
  14  0:40  Drone x2  
  14  0:41  Drone  
  17  0:54  Drone  
  18  1:00  Extractor  
  17  1:04  Hatchery, Drone  
  17  1:13  Drone  
  18  1:25  Drone  
  19  1:28  Spawning Pool  
  18  1:34  Drone  
  19  1:49  Drone  
  20  1:59  Drone  
  21  2:09  Drone  
  22  2:17  Drone x2  
  22  2:20  Metabolic Boost  
  22  2:21  Queen  
  26  2:23  Queen  
  28  2:37  Overlord  
  28  2:52  Overlord  
  28  2:56  Zergling x8  
  32  3:06  Drone x2  
  32  3:11  Drone  
  35  3:16  Queen  
  37  3:21  Drone x2  
  39  3:35  Drone x2  
  39  3:36  Hatchery  
  40  3:44  Drone x2  
  40  3:45  Drone x2  
  44  4:08  Extractor  
  43  4:11  Roach Warren  
  43  4:13  Extractor  
  41  4:21  Evolution Chamber  
  41  4:23  Queen  
  42  4:24  Evolution Chamber  
  42  4:26  Drone x3  
  42  4:28  Overlord x4  
  44  4:46  Drone x2  
  44  4:47  Drone x4  
  44  4:49  Zerg Missile Weapons Level 1  
  50  4:57  Zerg Ground Armor Level 1  
  50  5:09  Roach  
  50  5:10  Roach x2  
  60  5:21  Roach x3  
  60  5:26  Drone x4  
  60  5:27  Drone  
  67  5:34  Roach x3  
  67  5:35  Roach  
  75  5:37  Roach  
  77  5:47  Roach x2  
  77  5:48  Overlord x2  
  81  6:07  Roach  
  81  6:08  Roach x7  
  97  6:14  Overlord  
  97  6:18  Drone  
  98  6:32  Overlord x4  
  98  6:33  Overlord x2  
  98  6:34  Drone  
  99  6:40  Drone x2  
  101  6:49  Lair  
  101  6:50  Roach x2  
  101  6:51  Roach x2  
  109  6:55  Roach  
  109  6:56  Roach  
  113  7:07  Roach  
  113  7:08  Roach x4  
  123  7:26  Roach x4  
  123  7:27  Roach x5  
  141  7:36  Ravager  
  142  7:38  Ravager  
  143  7:49  Ravager  
  144  7:55  Drone, Extractor  
  144  7:56  Drone x7  
  144  7:57  Overlord x5, Extractor  
  150  8:15  Roach x6  
  150  8:16  Roach  
  164  8:24  Hydralisk Den  
  163  8:31  Roach  
  163  8:32  Roach x2  
  169  8:51  Overseer  
  169  8:56  Hydralisk  
  169  8:57  Hydralisk x4  
  179  9:11  Hydralisk x4  
  187  9:26  Extractor  
  187  9:28  Hydralisk x4  
  194  9:42  Infestation Pit  
  194  9:43  Spore Crawler  
  192  9:46  Spore Crawler  
  192  9:47  Spore Crawler  
  192  9:48  Zerg Missile Weapons Level 2  
  190  9:58  Zerg Ground Armor Level 2  
  190  10:07  Hydralisk  
  190  10:08  Hydralisk  
  190  10:10  Overlord x3  
  190  10:13  Overseer x2  
  194  10:21  Hive  
  194  10:29  Hydralisk x3  
  199  10:51  Glial Reconstitution  
  167  11:36  Hydralisk  
  167  11:37  Hydralisk x8  
  167  11:38  Hydralisk x11  
  193  11:47  Hydralisk x3  
Tags
 
Add a new tag
Caveats
  • Supply blocks, unpowered buildings, or Contaminate may cause inaccurate times.
  • Supply counts are checked every 10 seconds.